Workbook
Name Ersatzspalten: 'Price schedule | Services'!$I$3:$L$3
Name Erstattungsart: Lists!$B$4:$B$7
Name JaNein: [1]Listen!$D$4:$D$5
Name lSFK: 'List of key experts'!$B$12:$B$35
Name rZeilen: 'Price schedule | Services'!$N$14:$N$20
Name VENr: '[2]Preisblatt | Leistung'!#REF!
Name VEspalten: '[2]Preisblatt | Leistung'!#REF!

Sheet Price schedule | Services
A1: Price schedule - Services
A2: CONFIDENTIAL
C3: Date:
C5: Contractor:
C7: Address:
A9: 1. Fixed price
A12: Item | B12: Description | D12: Quantity | E12: Remuneration | F12: Sum | G12: Explanations
A13: Total | F13: =D13*E13 -> 0
A14: Milestone 1 | F14: =D14*E14 -> 0
A15: Milestone 2 | F15: =D15*E15 -> 0
A16: Milestone 3 | F16: =D16*E16 -> 0
A17: Milestone 4 | F17: =D17*E17 -> 0
A18: Milestone 5 | F18: =D18*E18 -> 0
A19: Milestone 6 | F19: =D19*E19 -> 0
A20: Milestone 7 | F20: =D20*E20 -> 0
A22: Subtotal | F22: =SUM(F13:F21) -> 0
A24: 2. Fees and other costs related to contract
A26: The items listed below will be settled on the basis of time statements.
A27: 2.1 Fee – daily rate item | B27: Name | C27: Type of reimbursement | D27: Number of expert-days | E27: Remuneration | F27: Total | G27: Explanations
A28: Team leader | B28: =IFERROR(VLOOKUP(A28,'List of key experts'!$B$12:$D$35,3,0)&" "&VLOOKUP(A28,'List of key experts'!$B$12:$D$35,2,0),"N.N.") | C28: Lump sum/number | D28: 15 | F28: =D28*E28 -> 0
A29: Key expert 1 | B29: =IFERROR(VLOOKUP(A29,'List of key experts'!$B$12:$D$35,3,0)&" "&VLOOKUP(A29,'List of key experts'!$B$12:$D$35,2,0),"N.N.") | C29: Lump sum/number | D29: 13 | F29: =D29*E29 -> 0
A30: Key expert 2 | B30: =IFERROR(VLOOKUP(A30,'List of key experts'!$B$12:$D$35,3,0)&" "&VLOOKUP(A30,'List of key experts'!$B$12:$D$35,2,0),"N.N.") | C30: Lump sum/number | D30: 16 | F30: =D30*E30 -> 0
A31: Key expert 3 | B31: =IFERROR(VLOOKUP(A31,'List of key experts'!$B$12:$D$35,3,0)&" "&VLOOKUP(A31,'List of key experts'!$B$12:$D$35,2,0),"N.N.") | C31: Lump sum/number | F31: =D31*E31 -> 0
A32: Key expert 4 | B32: =IFERROR(VLOOKUP(A32,'List of key experts'!$B$12:$D$35,3,0)&" "&VLOOKUP(A32,'List of key experts'!$B$12:$D$35,2,0),"N.N.") | C32: Lump sum/number | F32: =D32*E32 -> 0
A33: Key expert 5 | B33: =IFERROR(VLOOKUP(A33,'List of key experts'!$B$12:$D$35,3,0)&" "&VLOOKUP(A33,'List of key experts'!$B$12:$D$35,2,0),"N.N.") | C33: Lump sum/number | F33: =D33*E33 -> 0
A34: Expert pool 1 | B34: =IFERROR(VLOOKUP(A34,'List of key experts'!$B$12:$D$35,3,0)&" "&VLOOKUP(A34,'List of key experts'!$B$12:$D$35,2,0),"N.N.") -> N.N. | C34: Lump sum/number | D34: 14 | F34: =D34*E34 -> 0
A35: Expert pool 2 | B35: =IFERROR(VLOOKUP(A35,'List of key experts'!$B$12:$D$35,3,0)&" "&VLOOKUP(A35,'List of key experts'!$B$12:$D$35,2,0),"N.N.") -> N.N. | C35: Lump sum/number | F35: =D35*E35 -> 0
A36: Expert pool 3 | B36: =IFERROR(VLOOKUP(A36,'List of key experts'!$B$12:$D$35,3,0)&" "&VLOOKUP(A36,'List of key experts'!$B$12:$D$35,2,0),"N.N.") -> N.N. | C36: Lump sum/number | F36: =D36*E36 -> 0
A37: Expert pool 4 | B37: =IFERROR(VLOOKUP(A37,'List of key experts'!$B$12:$D$35,3,0)&" "&VLOOKUP(A37,'List of key experts'!$B$12:$D$35,2,0),"N.N.") -> N.N. | C37: Lump sum/number | F37: =D37*E37 -> 0
A38: Expert pool 5 | B38: =IFERROR(VLOOKUP(A38,'List of key experts'!$B$12:$D$35,3,0)&" "&VLOOKUP(A38,'List of key experts'!$B$12:$D$35,2,0),"N.N.") -> N.N. | C38: Lump sum/number | F38: =D38*E38 -> 0
A40: Subtotal | F40: =SUM(F28:F39) -> 0
A42: 2.2 Costs related to the contract, Item | B42: Name | C42: Invoicing code | D42: Number | E42: Price | F42: Total | G42: Explanations
A43: Team leader | B43: =IFERROR(VLOOKUP(A43,'List of key experts'!$B$12:$D$35,3,0)&" "&VLOOKUP(A43,'List of key experts'!$B$12:$D$35,2,0),"N.N.") | C43: Lump sum/number | F43: =D43*E43 -> 0
A44: Key expert 1 | B44: =IFERROR(VLOOKUP(A44,'List of key experts'!$B$12:$D$35,3,0)&" "&VLOOKUP(A44,'List of key experts'!$B$12:$D$35,2,0),"N.N.") | C44: Lump sum/number | F44: =D44*E44 -> 0
A45: Key expert 2 | B45: =IFERROR(VLOOKUP(A45,'List of key experts'!$B$12:$D$35,3,0)&" "&VLOOKUP(A45,'List of key experts'!$B$12:$D$35,2,0),"N.N.") | C45: Lump sum/number | F45: =D45*E45 -> 0
A46: Key expert 3 | B46: =IFERROR(VLOOKUP(A46,'List of key experts'!$B$12:$D$35,3,0)&" "&VLOOKUP(A46,'List of key experts'!$B$12:$D$35,2,0),"N.N.") | C46: Lump sum/number | F46: =D46*E46 -> 0
A47: Key expert 4 | B47: =IFERROR(VLOOKUP(A47,'List of key experts'!$B$12:$D$35,3,0)&" "&VLOOKUP(A47,'List of key experts'!$B$12:$D$35,2,0),"N.N.") | C47: Lump sum/number | F47: =D47*E47 -> 0
A48: Key expert 5 | B48: =IFERROR(VLOOKUP(A48,'List of key experts'!$B$12:$D$35,3,0)&" "&VLOOKUP(A48,'List of key experts'!$B$12:$D$35,2,0),"N.N.") | C48: Lump sum/number | F48: =D48*E48 -> 0
A49: Expert pool 1 | B49: =IFERROR(VLOOKUP(A49,'List of key experts'!$B$12:$D$35,3,0)&" "&VLOOKUP(A49,'List of key experts'!$B$12:$D$35,2,0),"N.N.") -> N.N. | C49: Lump sum/number | F49: =D49*E49 -> 0
A50: Expert pool 2 | B50: =IFERROR(VLOOKUP(A50,'List of key experts'!$B$12:$D$35,3,0)&" "&VLOOKUP(A50,'List of key experts'!$B$12:$D$35,2,0),"N.N.") -> N.N. | C50: Lump sum/number | F50: =D50*E50 -> 0
A51: Expert pool 3 | B51: =IFERROR(VLOOKUP(A51,'List of key experts'!$B$12:$D$35,3,0)&" "&VLOOKUP(A51,'List of key experts'!$B$12:$D$35,2,0),"N.N.") -> N.N. | C51: Lump sum/number | F51: =D51*E51 -> 0
A52: Expert pool 4 | B52: =IFERROR(VLOOKUP(A52,'List of key experts'!$B$12:$D$35,3,0)&" "&VLOOKUP(A52,'List of key experts'!$B$12:$D$35,2,0),"N.N.") -> N.N. | C52: Lump sum/number | F52: =D52*E52 -> 0
A53: Expert pool 5 | B53: =IFERROR(VLOOKUP(A53,'List of key experts'!$B$12:$D$35,3,0)&" "&VLOOKUP(A53,'List of key experts'!$B$12:$D$35,2,0),"N.N.") -> N.N. | C53: Lump sum/number | F53: =D53*E53 -> 0
A55: Subtotal | F55: =SUM(F43:F54) -> 0
A58: 3. Travel expenses
A60: * The items listed below will be settled on the basis of time statements.
A61: Link to current country table of the Federal Government:
A62: https://www.bundesfinanzministerium.de/Content/DE/Downloads/BMF_Schreiben/Steuerarten/Lohnsteuer/2025-12-05-steuerliche-behandlung-reisekosten-2026.html (GERMAN ONLY)
A63: Item | B63: Sub-item | C63: Type of reimbursement | D63: Number | E63: Budget/Price | F63: Total | G63: Explanations
A64: * Total travel budget | C64: against evidence | D64: 1 | E64: 7260 | F64: =D64*E64 -> 7260
A65: International flights | C65: against evidence | F65: =D65*E65 -> 0
A66: National flights | C66: Please select | F66: =D66*E66 -> 0
A67: Compensation of CO2 emissions | C67: against evidence | D67: 1 | E67: 600 | F67: =D67*E67 -> 600
A68: Transfer expenses | C68: Please select | F68: =D68*E68 -> 0
A69: * Per-diem allowance | C69: Please select | F69: =D69*E69 -> 0
A70: *Overnight accommodation allowance | C70: Please select | F70: =D70*E70 -> 0
A71: Other travel expenses | C71: against evidence | F71: =D71*E71 -> 0
A72: Other travel expenses | C72: Please select | F72: =D72*E72 -> 0
A73: Other travel expenses | C73: Please select | F73: =D73*E73 -> 0
A74: Other travel expenses | C74: Please select | F74: =D74*E74 -> 0
C75: Please select | F75: =D75*E75 -> 0
C76: Please select | F76: =D76*E76 -> 0
C77: Please select | F77: =D77*E77 -> 0
A79: Subtotal | F79: =SUM(F64:F78) -> 7860
A81: 4. Other costs
A83: * The items listed below will be settled on the basis of time statements.
A84: Position | C84: invoicing code | D84: Quantity | E84: Budget/Price | F84: Total | G84: Explanations
A85: Subcontracts | C85: Please select | F85: =D85*E85 -> 0
C86: against evidence | F86: =D86*E86 -> 0
C87: against evidence | F87: =D87*E87 -> 0
A88: Workshops | C88: against evidence | D88: 1 | E88: 2580 | F88: =D88*E88 -> 2580
A89: Local subsidies | C89: against evidence | F89: =D89*E89 -> 0
A90: Flexible remuneration item | C90: against evidence | D90: 1 | E90: 5000 | F90: =D90*E90 -> 5000
A91: Other expenses: [Individual items] | C91: Please select | F91: =D91*E91 -> 0
C92: against evidence | F92: =D92*E92 -> 0
C93: against evidence | F93: =D93*E93 -> 0
C94: against evidence | F94: =D94*E94 -> 0
C95: Please select | F95: =D95*E95 -> 0
C96: Please select | F96: =D96*E96 -> 0
C97: Please select | F97: =D97*E97 -> 0
A99: Subtotal | F99: =SUM(F85:F98) -> 7580
A100: If applicable, in accordance with Section 3.3 of the General Terms and Conditions of Contract (AVB): VAT in third countries in % | E100: 0 | F100: =E100*(F99+F79+F55+F40+F22) -> 0
A102: 5. Total costs
A104: Total (net) | F104: =F99+F79+F55+F22+F40+F100 -> 15440

Sheet List of key experts
B2: List of key experts
B3: * Only experts for whom contract supplement is required
B4: ** If a key expert is replaced, please state the end date of the assignment in the explanations; enter the starting date of the assignment for the new expert
B5: CONFIDENTIAL
E6: Date: | F6: =IF('Price schedule | Services'!D3="","",'Price schedule | Services'!D3)
B11: Title of price schedule | C11: Family name | D11: Given name | E11: Date of birth | F11: Place of residence | G11: Explanation of contract supplements
B12: Team leader
B13: Key expert 1
B14: Key expert 2
B15: Key expert 3
B16: Key expert 4
B17: Key expert 5
B18: Key expert 6

Sheet Lists
B3: Type of reimbursement
B4: Please select
B5: Lump sum/number
B6: against evidence
B7: not applicable
